 Dungeon Crawl Stone Soup version 0.23.2-30-g0e89c35649 (webtiles) character file.

Game seed: 17017247259044972991

1469 chomski the Cleaver (level 8, -1/60 HPs)
             Began as a Demonspawn Abyssal Knight on June 9, 2019.
             Was a Priest of Lugonu.
             Slain by a hippogriff (5 damage)
             ... on level 6 of the Dungeon.
             The game lasted 00:07:07 (6296 turns).

chomski the Cleaver (Demonspawn Abyssal Knight)     Turns: 6296, Time: 00:07:08

Health: -1/60      AC:  8    Str: 15    XL:     8   Next: 49%
Magic:  10/10      EV: 13    Int: 13    God:    Lugonu [***...]
Gold:   406        SH:  0    Dex: 13    Spells: 7/7 levels left

rFire    . . .     SeeInvis .   a - +1 hand axe
rCold    + . .     Gourm    .   (no shield)
rNeg     . . .     Faith    .   w - +1 ring mail "Woycouh" {rElec} (curse)
rPois    .         Spirit   .   v - +0 helmet
rElec    +         Reflect  .   (no cloak)
rCorr    .         Harm     .   (no gloves)
MR       .....                  u - +0 pair of boots
Stlth    +.........             (no amulet)
HPRegen  0.20/turn              (no ring)
MPRegen  0.12/turn              n - ring of protection from cold

@: no status effects
A: repulsion field 2, spiny 1, rot immunity
a: Depart the Abyss, Bend Space, Banish, Renounce Religion


You were on level 6 of the Dungeon.
You worshipped Lugonu.
Lugonu was most pleased with you.
You were not hungry.

You visited 1 branch of the dungeon, and saw 7 of its levels.
You visited the Abyss 1 time.

You collected 406 gold pieces.

Inventory:

Hand Weapons
 a - a +1 hand axe (weapon)
Armour
 b - a +0 leather armour
 j - a +0 scale mail
 u - a +0 pair of boots (worn)
 v - a +0 helmet (worn)
 w - the cursed +1 ring mail "Woycouh" (worn) {rElec}
   (You found it on level 4 of the Dungeon)

   It insulates you from electricity.
   It has a curse placed upon it.
 x - a +0 chain mail
Jewellery
 e - a +3 ring of intelligence
 m - an uncursed ring of ice
 n - a ring of protection from cold (right hand)
 D - an uncursed ring of protection from magic {unknown}
 E - an uncursed amulet of guardian spirit {unknown}
Wands
 o - a wand of polymorph (12)
 C - a wand of flame (17)
Scrolls
 f - 6 scrolls of teleportation {unknown}
 g - 2 scrolls of remove curse {unknown}
 h - a scroll of magic mapping {unknown}
 l - 2 scrolls of amnesia {unknown}
 p - 2 scrolls of immolation {unknown}
 s - a scroll of enchant armour {unknown}
 t - a scroll of fog {unknown}
 y - 2 scrolls of enchant weapon {unknown}
 z - 4 scrolls of identify {unknown}
 B - a scroll of fear {unknown}
 F - a scroll of brand weapon {unknown}
Potions
 d - a potion of mutation {unknown}
 i - 5 potions of flight {unknown}
 k - 4 potions of curing {unknown}
 q - a potion of lignification {unknown}
 r - a potion of agility {unknown}
 A - a potion of haste {unknown}
Comestibles
 c - 13 rations


   Skills:
 + Level 3.7 Fighting
 + Level 9.3 Axes
 + Level 2.4 Armour
 - Level 0.9 Dodging
 * Level 3.6 Invocations


You had 7 spell levels left.
You didn't know any spells.
Your spell library was empty.

Dungeon Overview and Level Annotations

Branches:
Dungeon (7/15)             Temple (0/1) D:4

Altars:
Elyvilon
Fedhas
Kikubaaqudgha
Makhleb
Xom

Shops:
D:4 }

Annotations:
D:6 exclusion: downstairs


Innate Abilities, Weirdness & Mutations

You are surrounded by a moderate repulsion field. (EV +3)
You are partially covered in sharp spines.
You are immune to rotting.


Message History

The hippogriff closely misses you.
You hit the hippogriff.
The hippogriff is severely wounded.
You hit the hippogriff.
The hippogriff is severely wounded.
The hippogriff bites you but does no damage.
The hippogriff pecks you. The hippogriff claws you!
* * * LOW HITPOINT WARNING * * *
You slash the hippogriff!
The hippogriff is almost dead.
The hippogriff misses you.
The hippogriff pecks you but does no damage.
The hippogriff barely misses you.
You barely miss the hippogriff.
The hippogriff is almost dead.
The hippogriff bites you!
* * * LOW HITPOINT WARNING * * *
The hippogriff pecks you but does no damage.
The hippogriff claws you.
You die...

#.......#...............##.####.
#...................#.###...# #.
#...............##..#.......# ##
#..###.#.........#..........## #
#### ###........##...........###
##.#####..###.............
#......#...##..##...##....
##........####.###....###.
##.....H@# #.#.....####.
#.......####......>##...
##....##.............#.##
#.........#........#....#
###.#....##............##
###...######........##....#
##..#....###........##......
##...........................
#....(................##....#


You could see a hippogriff.

Vanquished Creatures
  A hungry ghost (D:7)
  2 sky beasts
  A black bear (D:7)
  2 ogres (D:6)
  2 bullfrogs (D:6)
  A scorpion (D:7)
  2 howler monkeys
  A jelly (D:6)
  3 hounds
  4 orc wizards (D:4)
  An iguana (D:4)
  Ijyb (D:4)
  7 worker ants
  A hound zombie (D:5)
  A hound skeleton (D:5)
  A worker ant zombie (D:6)
  4 adders
  A howler monkey skeleton (D:6)
  A shadow imp (D:6)
  2 oozes
  2 worms (D:3)
  2 dart slugs
  8 leopard geckos
  11 orcs
  8 giant cockroaches
  6 hobgoblins
  6 jackals
  3 quokkas
  6 bats
  2 frilled lizards
  4 goblins
  6 kobolds
  A leopard gecko skeleton (D:6)
  9 rats
113 creatures vanquished.

Notes
Turn   | Place    | Note
-------+----------+-------------------------------------------
     0 | Abyss:1  | chomski the Demonspawn Abyssal Knight began the quest for
                  | the Orb.
     0 | Abyss:1  | Reached XP level 1. HP: 18/18 MP: 2/2
     0 | Abyss:1  | Noticed a tentacled starspawn
     0 | Abyss:1  | Noticed a tentacled monstrosity
     8 | D:1      | Escaped the Abyss
    22 | D:1      | Reached * piety under Lugonu
   144 | D:1      | Gained mutation: You are surrounded by a mild repulsion
                  | field. (EV +2) [demonic ancestry]
   144 | D:1      | Reached XP level 2. HP: 21/24 MP: 4/4
   339 | D:1      | Reached skill level 2 in Axes
   559 | D:2      | Gained mutation: You are immune to rotting. [demonic
                  | ancestry]
   559 | D:2      | Reached XP level 3. HP: 29/29 MP: 5/5
   618 | D:2      | Found a faded altar of an unknown god.
   820 | D:2      | Reached ** piety under Lugonu
   820 | D:2      | Reached skill level 3 in Axes
   965 | D:2      | Found an ancient bone altar of Kikubaaqudgha.
  1747 | D:3      | Reached XP level 4. HP: 34/35 MP: 6/6
  1978 | D:4      | Reached skill level 4 in Axes
  2108 | D:4      | Noticed Ijyb
  2110 | D:4      | Paralysed by Ijyb for 3 turns
  2120 | D:4      | Paralysed by Ijyb for 2 turns
  2137 | D:4      | Paralysed by Ijyb for 3 turns
  2144 | D:4      | Paralysed by Ijyb for 3 turns
  2150 | D:4      | Paralysed by Ijyb for 3 turns
  2156 | D:4      | Killed Ijyb
  2164 | D:4      | Reached XP level 5. HP: 36/41 MP: 7/7
  2220 | D:4      | Reached skill level 5 in Axes
  2397 | D:4      | Found Naipsuxi's Gadget Shop.
  2440 | D:4      | Found a staircase to the Ecumenical Temple.
  2456 | D:4      | Gained mutation: You are partially covered in sharp spines.
                  | [demonic ancestry]
  2456 | D:4      | Reached XP level 6. HP: 31/47 MP: 8/8
  2884 | D:4      | Reached skill level 6 in Axes
  3426 | D:4      | Got an ancient ring mail
  3437 | D:4      | Identified the cursed +1 ring mail "Woycouh" {rElec} (You
                  | found it on level 4 of the Dungeon)
  3455 | D:5      | Entered Level 5 of the Dungeon
  3651 | D:5      | Reached *** piety under Lugonu
  3904 | D:5      | Gained mutation: You are surrounded by a moderate repulsion
                  | field. (EV +3) [demonic ancestry]
  3904 | D:5      | Reached XP level 7. HP: 52/52 MP: 9/9
  4500 | D:6      | Reached skill level 7 in Axes
  5044 | D:6      | Reached skill level 8 in Axes
  5504 | D:6      | Found a shimmering altar of Xom.
  5506 | D:6      | Found an ancient bone altar of Kikubaaqudgha.
  5506 | D:6      | Found a blossoming altar of Fedhas.
  5508 | D:6      | Found a white marble altar of Elyvilon.
  5508 | D:6      | Found a burning altar of Makhleb.
  5508 | D:6      | Found a shimmering altar of Xom.
  5521 | D:6      | Reached XP level 8. HP: 32/58 MP: 10/10
  5698 | D:7      | Noticed a hippogriff
  5890 | D:7      | Reached skill level 9 in Axes
  6296 | D:6      | Slain by a hippogriff

Skill      XL: |  1  2  3  4  5  6  7  8 |
---------------+-------------------------+-----
Axes           | 2 3 4 5 6 8 9 |  9.3
Armour         | 2 |  2.4
Invocations    | 3 |  3.6
Fighting       | |  3.7
Dodging        | |  0.9

Action                   |  1- 3 |  4- 6 |  7- 9 || total
-------------------------+-------+-------+-------++-------
Melee: Hand axe          |   163 |   199 |   115 ||   477
Invok: Depart the Abyss  |     1 |       |       ||     1
  Eat: Chunk             |     3 |     7 |    10 ||    20
Armor: Leather armour    |     8 |       |       ||     8
       Scale mail        |    63 |    70 |       ||   133
       Chain mail        |       |    18 |       ||    18
       Ring mail         |       |    10 |    46 ||    56
Dodge: Dodged            |    91 |   123 |    75 ||   289
